Map: Defender's Landing LE

Players

tothemax

  • Race: Zerg Zerg
  • Spawn Location: 7:00

A.I. 1 (Very Hard) - Winner!

  • Race: Terran Terran
  • Spawn Location: 1:00

VOD

Have the link to the VOD?

Description

Time

  • Played on: May 31, 2017, 8:33 p.m.
  • Length: 3:35
Show
View Real Time Build Order
Export as new Build Order

tothemax Zerg 

Build Orders: Hatch First 

Get SALT Encoding   

  6  0:01  Drone  
  13  0:18  Overlord  
  13  0:25  Drone  
  14  0:45  Drone x2  
  14  0:49  Drone  
  17  1:18  Unknown, Hatchery  
  17  1:19  Drone  
  17  1:24  Drone  
  18  1:41  Extractor  
  18  1:49  Spawning Pool  
  16  1:53  Drone  
  16  1:57  Drone  
  18  2:05  Drone  
  19  2:32  Overlord  
  19  2:58  Unknown  
  19  2:59  Queen  
  21  3:00  Zergling x2  
  21  3:07  Queen  
  21  3:09  Zergling x2  
  25  3:10  Drone  
  25  3:17  Drone  
  27  3:26  Drone  
  28  3:33  Drone  
  28  3:38  Drone  
Show
View Real Time Build Order
Export as new Build Order

A.I. 1 (Very Hard) Terran - Winner!

Build Orders:  

Get SALT Encoding   

  6  0:01  SCV  
  13  0:18  SCV  
  14  0:26  Supply Depot  
  14  0:35  SCV  
  15  0:56  SCV  
  16  1:01  Barracks  
  16  1:13  SCV  
  17  1:30  SCV  
  17  1:39  Refinery  
  18  1:43  Supply Depot  
  18  1:47  SCV  
  19  2:04  SCV  
  19  2:06  Marine  
  21  2:20  Unknown, Command Center  
  21  2:54  Barracks  
  21  2:55  SCV  
  22  3:01  Marine  
  22  3:08  Factory  
  23  3:12  SCV  
  23  3:18  Supply Depot  
  24  3:26  Marine  
  24  3:29  SCV  
  26  3:46  SCV  
  27  3:51  Marine  
  28  4:00  Unknown  
  28  4:01  Orbital Command  
  28  4:03  SCV  
  29  4:11  Refinery  
  29  4:12  Factory Tech Lab  
  29  4:24  Orbital Command  
  29  4:29  Marine  
  30  4:32  Marine  
  31  4:40  SCV  
Tags
 
Add a new tag
Caveats
  • Supply blocks, unpowered buildings, or Contaminate may cause inaccurate times.
  • Supply counts are checked every 10 seconds.